 Dungeon Crawl Stone Soup version 0.29-a0-493-g10c3c7b (webtiles) character file.

Game seed: 8172513652474657522

66 Toastz the Poker (level 3, 0/28 HPs)
             Began as a Demonspawn Warper on May 27, 2022.
             Killed by nerve-wracking pain
             ... invoked by Jessica
              (3 damage)
             ... on level 2 of the Dungeon.
             The game lasted 00:03:16 (2344 turns).

Toastz the Poker (Demonspawn Warper)                Turns: 2344, Time: 00:03:16

Health: 0/28       AC:  3    Str: 13    XL:     3   Next: 96%
Magic:  3/6        EV: 11    Int: 14    God:
Gold:   51         SH:  0    Dex: 12    Spells: 4/6 levels left

rFire   . . .      SeeInvis .   a - +0 spear
rCold   . . .      Faith    .   (no shield)
rNeg    . . .      Spirit   .   b - +0 leather armour
rPois   .          Reflect  .   (helmet restricted)
rElec   .          Harm     .   (no cloak)
rCorr   .          Rampage  .   (no gloves)
Will    .....                   (no boots)
Stlth   +.........              (no amulet)
HPRegen 0.09/turn               (no ring)
MPRegen 0.10/turn               (no ring)

@: no status effects
A: antennae 1
a: no special abilities


You were on level 2 of the Dungeon.
You visited 1 branch of the dungeon, and saw 2 of its levels.

You collected 51 gold pieces.

Inventory:

Hand Weapons
 a - a +0 spear (weapon)
Missiles
 d - 7 boomerangs of dispersal
 g - 68 stones
 j - 4 javelins (quivered)
Armour
 b - a +0 leather armour (worn)
Jewellery
 l - an amulet of faith
Scrolls
 c - a scroll of blinking
 e - a scroll of poison {unknown}
 f - a scroll of fog {unknown}
 h - a scroll of magic mapping {unknown}
 i - a scroll of fear {unknown}
 m - a scroll of identify {unknown}
 n - a scroll of torment {unknown}
Potions
 k - a potion of attraction
 o - a potion of flight {unknown}


   Skills:
 + Level 2.8 Fighting
 * Level 3.2 Polearms
 - Level 0.9 Throwing
 - Level 0.9 Armour
 - Level 1.8 Dodging
 - Level 2.0 Spellcasting
 - Level 2.7 Translocations


You had 4 spell levels left.
You knew the following spells:

 Your Spells              Type           Power      Damage    Failure   Level
a - Blink                 Tloc           18%        N/A       16%         2

Your spell library contained the following spells:

 Spells                   Type           Power      Damage    Failure   Level
 Magic Dart               Conj           4%         1d3       30%         1
 Gell's Gravitas          Tloc           9%         N/A       30%         3
 Lesser Beckoning         Tloc           9%         N/A       30%         3
 Teleport Other           Tloc           9%         N/A       30%         3
 Searing Ray              Conj           2%         2d4       41%         2
 Fulminant Prism          Conj/Hex       0%         3d6       96%         4
 Manifold Assault         Tloc           9%         N/A       95%         5


Dungeon Overview and Level Annotations

Branches:
Dungeon (2/15)

Altars:

Annotations:
D:2 Jessica


Innate Abilities, Weirdness & Mutations

You have a pair of small antennae on your head.


Message History

The gnoll shouts! x3
There are monsters nearby!
The gnoll barely misses you.
The gnoll hits you from afar with a +0 spear.
There is an open door here.
The gnoll hits you from afar with a +0 spear!
Jessica shouts!
You hear a shout!
Jessica gestures wildly while chanting.
Jessica blinks!
Jessica mumbles some strange words.
Jessica seems to speed up.
Okay, then.
Casting: Blink (safe; 16% risk of failure)
Confirm with . or Enter, or press ? or * to list all spells.
You blink.
Casting: Blink (safe; 16% risk of failure)
Confirm with . or Enter, or press ? or * to list all spells.
You are still too unstable to blink.
Unknown command.
The kobold attacks as you move away! The kobold hits you with a +0 dagger.
Jessica barely misses you. Jessica hits you with a +0 dagger.
Okay, then.
The kobold attacks as you move away! The kobold hits you but does no damage.
The kobold attacks as you move away! The kobold hits you but does no damage.
Jessica attacks as you move away! Jessica barely misses you.
You feel stable enough to blink again. Jessica completely misses you.
Casting: Blink (safe; 16% risk of failure)
Confirm with . or Enter, or press ? or * to list all spells.
You blink.
Jessica casts a spell at you. Pain shoots through your body!
* * * LOW HITPOINT WARNING * * *
Jessica hits you with a +0 dagger.
* * * LOW HITPOINT WARNING * * *
You barely miss Jessica.
You feel stable enough to blink again.
Jessica points at you and mumbles some strange words.
Pain shoots through your body!
You die...

......# #.####....# #...
... #.....####.#...†[..#
.#. #.
..........g........###.#
#....#####..............
###'#...#.....g.g..###)
###.#.....#####....###
.##.#...#.# #...{{.#
...g#...#.##########.#
........#.......@@K..#
....##..##############
######..# #..# #..#


You could see Jessica (fast) and a kobold.

Vanquished Creatures
  2 adders (D:2)
  A dart slug (D:1)
  4 ball pythons
  3 bats
  4 endoplasms
  3 giant cockroaches (D:1)
  4 goblins
  2 hobgoblins (D:1)
  7 jackals (D:1)
  4 kobolds
  A quokka (D:2)
  4 rats (D:1)
39 creatures vanquished.

Vanquished Creatures (others)
  A quokka (D:1)
1 creature vanquished.

Grand Total: 40 creatures vanquished

Notes
Turn   | Place    | Note
-------+----------+-------------------------------------------
     0 | D:1      | Toastz the Demonspawn Warper began the quest for the Orb.
     0 | D:1      | Reached XP level 1. HP: 16/16 MP: 3/3
    70 | D:1      | Reached skill level 2 in Polearms
    82 | D:1      | Gained mutation: You have a pair of small antennae on your
                  | head. [demonic ancestry]
    82 | D:1      | Reached XP level 2. HP: 13/22 MP: 5/5
  1157 | D:1      | Reached XP level 3. HP: 28/28 MP: 6/6
  1185 | D:1      | Learned a level 2 spell: Blink
  1742 | D:2      | Reached skill level 3 in Polearms
  2007 | D:2      | Noticed Jessica
  2344 | D:2      | Killed from afar by Jessica

Illustrated notes

Levels and vault maps discovered:
D:1:      mrwooster_arrival_statue_3, layout_basic, lemuel_flame_loot_1
D:2:      layout_basic, nicolae_concentric_dashed_squares_mild, uniq_natasha,
          uniq_jessica, uniq_terence

Skill      XL: |  1  2  3 |
---------------+----------+-----
Polearms       | 2 3 |  3.2
Fighting       | |  2.8
Throwing       | |  0.9
Armour         | |  0.9
Dodging        | |  1.8
Spellcasting   | |  2.0
Translocations | |  2.7

Action                   || total
-------------------------++-------
Melee: Spear             ||   174
       Punch             ||     1
Throw: Javelin           ||     1
 Cast: Blink             ||     2
  Use: Potion            ||     3
 Stab: Sleeping          ||     1
Armor: Leather armour    ||    62
       Skin              ||    14
Dodge: Dodged            ||    91

Table legend: (Time is in decaauts)
 A = Elapsed time spent in this place.
 B = Non-inter-level travel time spent in this place.
 C = Inter-level travel time spent in this place.
 D = Time resting spent in this place.
 E = Time spent auto-exploring this place.
 F = Levels seen in this place.
 G = Mean time per level.
                   A        B        C        D        E       F      G
               +--------+--------+--------+--------+--------+-----+--------+
         Total |   2343 |   2297 |     46 |    437 |   1481 |   2 | 1171.5 |
       Dungeon |   2343 |   2297 |     46 |    437 |   1481 |   2 | 1171.5 |
               +--------+--------+--------+--------+--------+-----+--------+

Top non-repeatable levels by time:
     D:1: 1742 daAuts
     D:2: 600 daAuts
